 Dungeon Crawl Stone Soup version 0.28-a0-1184-g53156a8862 (webtiles) character file.

Game seed: 16279204622919295463

226 ders the Magician (level 5, 0/28 HPs)
             Began as a Deep Elf Earth Elementalist on Dec 18, 2021.
             Slain by an orc wizard (3 damage)
             ... on level 3 of the Dungeon.
             The game lasted 00:04:40 (2670 turns).

ders the Magician (Deep Elf Earth Elementalist)     Turns: 2670, Time: 00:04:40

Health: 0/28       AC:  2    Str:  5    XL:     5   Next: 69%
Magic:  8/14       EV: 12    Int: 22    God:
Gold:   72         SH:  0    Dex: 15    Spells: 8/14 levels left

rFire   + . .      SeeInvis .   (no weapon)
rCold   + . .      Faith    .   (no shield)
rNeg    . . .      Spirit   .   b - +0 robe
rPois   +          Reflect  .   (no helmet)
rElec   +          Harm     .   (no cloak)
rCorr   +          Rampage  .   (no gloves)
Will    .....                   (no boots)
Stlth   ++........              (no amulet)
HPRegen 0.09/turn               (no ring)
MPRegen 0.14/turn               (no ring)

@: resistant
A: no striking features
a: no special abilities


You were on level 3 of the Dungeon.
You visited 1 branch of the dungeon, and saw 3 of its levels.

You collected 72 gold pieces.

Inventory:

Missiles
 c - 52 stones
Armour
 b - a +0 robe (worn)
Jewellery
 g - a ring of see invisible
Scrolls
 a - 2 scrolls of identify {unknown}
 d - 3 scrolls of brand weapon {unknown}
 e - a scroll of enchant weapon {unknown}
 h - a scroll of fear {unknown}


   Skills:
 - Level 2.4 Dodging
 - Level 2.4 Stealth
 + Level 5.2 Spellcasting
 + Level 3.3 Conjurations
 - Level 1.1 Transmutations
 + Level 4.9 Earth Magic


You had 8 spell levels left.
You knew the following spells:

 Your Spells              Type           Power      Damage    Failure   Level
a - Sandblast             Erth           54%        2d13      1%          1
b - Stone Arrow           Conj/Erth      46%        3d9       5%          3
c - Blink                 Tloc           10%        N/A       16%         2

Your spell library contained the following spells:

 Spells                   Type           Power      Damage    Failure   Level
 Passwall                 Tmut/Erth      15%        N/A       4%          2
 Petrify                  Tmut/Erth      19%        N/A       28%         4
 Lesser Beckoning         Tloc           5%         N/A       30%         3
 Manifold Assault         Tloc           5%         N/A       95%         5
 Malign Gateway           Summ/Tloc      2%         N/A       100%        7
 Summon Horrible Things   Summ           2%         N/A       100%        8


Dungeon Overview and Level Annotations

Branches:
Dungeon (3/15)

Altars:
Qazlal

Shops:
D:1 !


Message History

You can't see any susceptible monsters within range! (Use Z to cast anyway.)
You now have 72 gold pieces (gained 10).
Found a pair of boots.
Found a stormy altar of Qazlal.
No target in view!
No target in view!
An orc wizard comes into view. It is wielding a +0 dagger.
A ball python and an orc priest come into view.
Found a scroll labelled TANWYCHILIABB.
Casting: Stone Arrow (quite dangerous; 5% risk of failure)
Confirm with . or Enter, or press ? or * to list all spells.
You can't see any susceptible monsters within range! (Use Z to cast anyway.)
An orc priest comes into view. It is wielding a +0 war axe.
The orc priest shouts!
The orc wizard shouts!
The orc priest shouts!
A kobold comes into view. It is wielding a +0 short sword.
A quokka comes into view.
Casting: Stone Arrow (quite dangerous; 5% risk of failure)
Confirm with . or Enter, or press ? or * to list all spells.
Aiming: Stone Arrow (quite dangerous; 5% risk of failure)
Press: ? - help, Shift-Dir - straight line, f - orc wizard
Aim: an orc wizard, wielding a +0 dagger and wearing a +0 robe (64% to hit)
The stone arrow misses the orc wizard.
The ball python hisses angrily.
The kobold shouts!
The orc priest mumbles some strange prayers to Beogh against you.
Beogh smites you!
Unknown command.
Casting: Stone Arrow (quite dangerous; 5% risk of failure)
Confirm with . or Enter, or press ? or * to list all spells.
Aiming: Stone Arrow (quite dangerous; 5% risk of failure)
Press: ? - help, Shift-Dir - straight line, f/p - orc wizard
Aim: an orc wizard, wielding a +0 dagger and wearing a +0 robe (64% to hit)
The stone arrow misses the orc wizard.
The orc priest mumbles some strange prayers to Beogh against you.
Beogh smites you!
* * * LOW HITPOINT WARNING * * *
Unknown command.
It was a potion of resistance.
You feel protected.
The orc wizard hits you with a +0 dagger.
You die... ......#...#<##### .....##........#.. .....##..).....#.# .[...##........#.# .....##........#.# . .....##........#.# .. ...............#.# #... ....###........#.# rSo?.

....#
##########@##......
....# #......or.o..#
....# ###.#...#......#
....# #.......#.#....#
..).#####.≈[§...#.#....#
..........§§.§§.#.# ...#
....####..§§§...#.# ...#
....# #...≈§...... ....
##### #.....§..#.. ....


You could see an orc priest, an orc wizard and a quokka.

Vanquished Creatures
  A centaur (D:3)
  An orc wizard (D:3)
  Robin (D:2)
  3 adders
  A worm (D:3)
  2 dart slugs
  4 orcs (D:3)
  8 ball pythons
  6 endoplasms
  4 giant cockroaches
  9 goblins
  7 hobgoblins
  4 jackals (D:3)
  2 quokkas (D:1)
  6 bats
  4 frilled lizards
  4 kobolds
  3 rats (D:2)
70 creatures vanquished.

Notes
Turn   | Place    | Note
-------+----------+-------------------------------------------
     0 | D:1      | ders the Deep Elf Earth Elementalist began the quest for
                  | the Orb.
     0 | D:1      | Reached XP level 1. HP: 10/10 MP: 6/6
    83 | D:1      | Found Moceskae's Distillery.
    93 | D:1      | Reached XP level 2. HP: 15/15 MP: 4/8
   149 | D:1      | Reached skill level 1 in Conjurations
   462 | D:1      | Found a faded altar of an unknown god.
   519 | D:1      | Reached XP level 3. HP: 19/19 MP: 2/10
   722 | D:2      | Learned a level 3 spell: Stone Arrow
  1050 | D:2      | Noticed Robin
  1064 | D:2      | Reached skill level 4 in Spellcasting
  1069 | D:2      | Killed Robin
  1297 | D:2      | Reached XP level 4. HP: 24/24 MP: 9/12
  1704 | D:2      | Learned a level 2 spell: Blink
  2088 | D:3      | Noticed a centaur
  2095 | D:3      | Killed a centaur
  2096 | D:3      | Reached skill level 5 in Spellcasting
  2096 | D:3      | Reached XP level 5. HP: 6/28 MP: 2/14
  2652 | D:3      | Found a stormy altar of Qazlal.
  2670 | D:3      | Slain by an orc wizard

Illustrated notes

Levels and vault maps discovered:
D:1:      dpeg_arrival_simpleton_a, layout_rooms,
          hellmonk_ecumenical_altar_pennies_from_heaven, serial_shops,
          nicolae_square_shop
D:2:      layout_basic, uniq_robin
D:3:      layout_basic, nicolae_qazlal_scattered_showers

Skill      XL: |  1  2  3  4 |
---------------+-------------+-----
Conjurations   | 1 2 3 |  3.3
Earth Magic    | 4 |  4.9
Spellcasting   | 4 5 |  5.2
Dodging        | |  2.4
Stealth        | |  2.4
Transmutations | |  1.1

Action                   |  1- 3 |  4- 6 || total
-------------------------+-------+-------++-------
Melee: Unarmed           |       |     1 ||     1
 Cast: Sandblast         |    62 |    24 ||    86
       Stone Arrow       |       |    12 ||    12
  Use: Potion            |       |     1 ||     1
Armor: Robe              |     5 |     2 ||     7
Dodge: Dodged            |     8 |    13 ||    21

Table legend: (Time is in decaauts)
 A = Elapsed time spent in this place.
 B = Non-inter-level travel time spent in this place.
 C = Inter-level travel time spent in this place.
 D = Time resting spent in this place.
 E = Time spent auto-exploring this place.
 F = Levels seen in this place.
 G = Mean time per level.
                   A        B        C        D        E       F      G
               +--------+--------+--------+--------+--------+-----+--------+
         Total |   2671 |   2605 |     66 |    785 |   1516 |   3 |  890.3 |
       Dungeon |   2671 |   2605 |     66 |    785 |   1516 |   3 |  890.3 |
               +--------+--------+--------+--------+--------+-----+--------+

Top non-repeatable levels by time:
     D:2: 1039 daAuts
     D:3: 920 daAuts
     D:1: 710 daAuts
